 Dungeon Crawl Stone Soup version 0.30-a0-824-g6c64550be9 (webtiles) character file.

Game seed: 2422965208597373425

67 jimonade the Trooper (level 4, -6/44 (45) HPs)
             Began as an Ogre Warper on Feb 28, 2023.
             Mangled by Crazy Yiuf
             ... wielding a +2 quarterstaff of chaos
              (9 damage)
             ... on level 2 of the Dungeon.
             The game lasted 00:03:49 (1794 turns).

jimonade the Trooper (Ogre Warper)                  Turns: 1794, Time: 00:03:49

HP:   -6/44 (45)    AC:  4    Str: 21    XL:     4   Next: 16%
MP:   8/8           EV:  5    Int: 14    God:
Gold: 63            SH:  0    Dex: 10    Spells: 8/8 levels left

rFire   . . .      SeeInvis .    b - +1 dagger (venom)
rCold   + . .      Faith    .    (no shield)
rNeg    . . .      Spirit   .    p - +0 robe
rPois   .          Reflect  .    (helmet restricted)
rElec   .          Harm     .    q - +0 cloak
rCorr   .          Rampage  .    (gloves unavailable)
Will    .....                    (boots unavailable)
Stlth   +                        (no amulet)
HPRegen 0.27/turn                k - ring of protection from cold
MPRegen 0.11/turn                l - +6 ring of strength

@: lethally poisoned (-6 -> -7), petrifying (expiring), lightly drained, very
slow
A: large, unfitting armour, tough skin 1
a: no special abilities


You were on level 2 of the Dungeon.
You visited 1 branch of the dungeon, and saw 2 of its levels.

You collected 63 gold pieces.

Inventory:

Hand Weapons
 a - a +0 mace
 b - a +1 dagger of venom (weapon)
Missiles
 d - 7 boomerangs of dispersal (quivered)
 g - 30 stones
 m - 5 poisoned darts
Armour
 p - a +0 robe (worn)
 q - a +0 cloak (worn)
Jewellery
 k - a ring of protection from cold (left hand)
 l - a +6 ring of strength (right hand)
Scrolls
 c - a scroll of blinking
 e - 3 scrolls of poison {unknown}
 h - 2 scrolls of vulnerability {unknown}
 i - 2 scrolls of fear {unknown}
 j - a scroll of enchant weapon {unknown}
 o - 4 scrolls of identify {unknown}
 r - a scroll of immolation {unknown}
 t - a scroll of torment {unknown}
Potions
 f - 2 potions of flight {unknown}
 n - 2 potions of invisibility {unknown}
 s - a potion of cancellation {unknown}


   Skills:
 + Level 3.2 Fighting
 + Level 0.2 Short Blades
 + Level 2.4 Maces & Flails
 + Level 1.0 Throwing
 + Level 2.9 Dodging
 - Level 0.1 Stealth
 * Level 2.7 Spellcasting
 * Level 3.0 Translocations


You had 8 spell levels left.
You didn't know any spells.
Your spell library contained the following spells:

 Spells                   Type           Power      Damage    Failure   Level
 Blink                    Tloc           20%        N/A       10%         2
 Lesser Beckoning         Tloc           20%        N/A       10%         2
 Teleport Other           Tloc           10%        N/A       19%         3
 Cigotuvi's Dreadful Rot  Necr/Pois/Air  2%         N/A       32%         2
 Poisonous Vapours        Pois/Air       2%         N/A       32%         2
 Vhi's Electric Charge    Tloc/Air       12%        N/A       34%         3
 Dazzling Flash           Conj/Hex       2%         N/A       54%         3
 Mephitic Cloud           Conj/Pois/Air  1%         N/A       54%         3
 Manifold Assault         Tloc           10%        N/A       54%         4
 Agony                    Necr           1%         N/A       99%         5
 Silence                  Hex/Air        0%         N/A       99%         5


Dungeon Overview and Level Annotations

Branches:
Dungeon (2/15)

Altars:

Shops:
D:2 !

Annotations:
D:2 Crazy Yiuf


Innate Abilities, Weirdness & Mutations

You are too large for most types of armour.
You have tough skin. (AC +1)


Message History

Crazy Yiuf shouts!
You open the door. You barely miss Crazy Yiuf. Crazy Yiuf barely misses you.
You hit Crazy Yiuf but do no damage.
Crazy Yiuf is poisoned.
Crazy Yiuf hits you with a +2 quarterstaff of chaos!
You are poisoned.
You hit Crazy Yiuf but do no damage.
Crazy Yiuf looks even sicker.
Crazy Yiuf is lightly wounded.
You feel very sick.
Crazy Yiuf says, "Gnoll blue sing!"
Crazy Yiuf hits you with a +2 quarterstaff of chaos.
You feel drained.
You barely miss Crazy Yiuf.
Crazy Yiuf is lightly wounded.
You feel sick.
Crazy Yiuf hits you with a +2 quarterstaff of chaos.
Crazy Yiuf freezes you.
You closely miss Crazy Yiuf.
Crazy Yiuf is lightly wounded.
You feel sick. Crazy Yiuf closely misses you.
You hit Crazy Yiuf.
Crazy Yiuf looks as sick as possible!
Crazy Yiuf is moderately wounded.
You feel sick.
Crazy Yiuf hits you with a +2 quarterstaff of chaos!
* * * LOW HITPOINT WARNING * * *
You are slowing down.
Unknown command.
Unknown command.
Unknown command.
You hit Crazy Yiuf but do no damage.
Crazy Yiuf is heavily wounded.
Crazy Yiuf hits you with a +2 quarterstaff of chaos.
* * * LOW HITPOINT WARNING * * *
Crazy Yiuf burns you.
Your limbs are stiffening.
You closely miss Crazy Yiuf.
Crazy Yiuf is severely wounded.
* * * LOW HITPOINT WARNING * * *
You feel sick.
Crazy Yiuf hits you with a +2 quarterstaff of chaos!
You die...

##.###.....####..##
#....###...# #....#
.#...###...# #....#
###...##..)# #.#.##
.#.......### ##.##
.........#.# #.##
.......<...# ##.#
...........# #.##
#### ...........#
##@# #..#
...........# #g#
##.# ...........#
... ##.#
..#......#.# #...#
#.># ..#........#
#..)# #..#
..#......#.# #####
#..# ..####.#.#.#
##.#
.##....#.#.#######
####.#
.................#
#....#


You could see Crazy Yiuf (very poisoned).

Vanquished Creatures
  2 dart slugs
  3 worms (D:2)
  A ball python (D:2)
  4 endoplasms
  2 giant cockroaches
  4 goblins
  6 hobgoblins
  3 jackals
  4 kobolds
  4 quokkas
  8 bats
  4 frilled lizards
  3 rats
48 creatures vanquished.

Notes
Turn   | Place    | Note
-------+----------+-------------------------------------------
     0 | D:1      | jimonade the Ogre Warper began the quest for the Orb.
     0 | D:1      | Reached XP level 1. HP: 22/22 MP: 3/3
   207 | D:1      | You fall into a shaft and drop 1 floor!
   231 | D:1      | Reached XP level 2. HP: 22/29 MP: 5/5
   564 | D:1      | Found a faded altar of an unknown god.
   914 | D:1      | Reached XP level 3. HP: 36/36 MP: 6/6
  1224 | D:2      | Found Nemigiu's Distillery.
  1373 | D:2      | Reached XP level 4. HP: 45/45 MP: 8/8
  1643 | D:2      | Found a runed translucent door.
  1644 | D:2      | Noticed Crazy Yiuf
  1794 | D:2      | Mangled by Crazy Yiuf

Illustrated notes

Levels and vault maps discovered:
D:1:      lightli_arrival_statuegarden, layout_basic,
          ebering_ecumenical_altar_rust, minmay_tall_x
D:2:      layout_basic, serial_shops, nicolae_shop_waterfront,
          minmay_pentomino_x4, uniq_crazy_yiuf_cottage

Skill      XL: |  1  2  3  4 |
---------------+-------------+-----
Maces & Flails | 2 |  2.4
Fighting       | 3 |  3.2
Translocations | 3 |  3.0
Short Blades   | |  0.2
Throwing       | |  1.0
Dodging        | |  2.9
Stealth        | |  0.1
Spellcasting   | |  2.7

Action                     |  1- 3 |  4- 6 || total
---------------------------+-------+-------++-------
  Melee: Mace              |    88 |       ||    88
         Dagger            |    55 |    29 ||    84
 Armour: Robe              |    62 |     7 ||    69
  Dodge: Dodged            |    98 |    14 ||   112

Table legend: (Time is in decaauts)
 A = Elapsed time spent in this place.
 B = Non-inter-level travel time spent in this place.
 C = Inter-level travel time spent in this place.
 D = Time resting spent in this place.
 E = Time spent auto-exploring this place.
 F = Levels seen in this place.
 G = Mean time per level.
                   A        B        C        D        E       F      G
               +--------+--------+--------+--------+--------+-----+--------+
         Total |   1822 |   1781 |     41 |    136 |   1157 |   2 |  911.0 |
       Dungeon |   1822 |   1781 |     41 |    136 |   1157 |   2 |  911.0 |
               +--------+--------+--------+--------+--------+-----+--------+

Top non-repeatable levels by time:
     D:1: 1107 daAuts
     D:2: 715 daAuts
